 Dungeon Crawl Stone Soup version 0.20.1-1-g8b1a95d (console) character file.

688 hilaritas the Spear-Bearer (level 7, -3/54 HPs)
             Began as a Merfolk Gladiator on Feb 11, 2018.
             Slain by Pikel
             ... wielding a +1 whip of electrocution
              (20 damage)
             ... on level 4 of the Dungeon.
             The game lasted 00:09:52 (3733 turns).

hilaritas the Spear-Bearer (Merfolk Gladiator)      Turns: 3733, Time: 00:09:52

Health: -3/54      AC:  6    Str: 16    XL:     7   Next: 62%
Magic:  7/7        EV: 14    Int:  8    God:
Gold:   165        SH:  0    Dex: 15    Spells: 6/6 levels left

rFire    . . .     SeeInvis .   a - +0 trident
rCold    . . .     Gourm    .   (no shield)
rNeg     . . .     Faith    .   b - +0 leather armour
rPois    .         Spirit   .   c - +0 helmet
rElec    .         Reflect  .   (no cloak)
rCorr    .         Harm     .   q - +0 pair of gloves
MR       .....                  n - +0 pair of boots
Stlth    ++........             (no amulet)
Regen    0.2/turn               (no ring)
MPRegen  0.1/turn               (no ring)

@: no status effects
A: change form in water, swift swim, stealthy swim
a: no special abilities


You were on level 4 of the Dungeon.
You were not hungry.

You visited 1 branch of the dungeon, and saw 4 of its levels.
You also visited: Sewer.

You collected 165 gold pieces.

Inventory:

Hand Weapons
 a - a +0 trident (weapon)
Missiles
 d - 3 throwing nets (quivered)
 j - 26 arrows
 l - 6 javelins
Armour
 b - a +0 leather armour (worn)
 c - a +0 helmet (worn)
 e - a +0 shield
 n - a +0 pair of boots (worn)
 q - a +0 pair of gloves (worn)
Scrolls
 g - 2 scrolls of blinking
Potions
 h - 2 potions of agility
 k - 3 potions of flight
 o - 4 potions of curing
 p - 2 potions of heal wounds
 t - a potion of might
Comestibles
 f - 4 bread rations
 i - a meat ration
 m - 2 royal jellies


   Skills:
 * Level 4.1 Fighting
 - Level 10.0 Polearms
 - Level 2.0 Throwing
 + Level 4.1 Dodging
 + Level 4.2 Stealth


You had 6 spell levels left.
You didn't know any spells.

Dungeon Overview and Level Annotations

Branches:
Dungeon (4/15)
 Temple: D:4-7

Altars:

Annotations:
D:4 Pikel


Message History

Pikel is lightly wounded.
You hit Pikel.
Pikel is moderately wounded.
Pikel closely misses you.
You puncture Pikel!
Pikel is heavily wounded.
Pikel hits you with a whip of electrocution.
You hit Pikel but do no damage.
Pikel is heavily wounded.
Pikel misses you.
You closely miss Pikel.
Pikel is heavily wounded.
Pikel completely misses you.
You puncture Pikel!
Pikel is severely wounded.
Pikel is no longer unusually resistant.
You hit Pikel.
Pikel is almost dead.
Pikel hits you but does no damage.
You are electrocuted!
You die...

#.. #.### #.#.. #.#.#
#.#.# #(#p#
############ #.#K# #
...........# #.#@# ...
.#########.###.#.#..[#
................<>...+
##########.###.###...#
#.# #รท.....## #.#
#.####.# #.# #.# .#
#.# #.# # #.# #.# #.
..# ..#


You could see Pikel and a slave.

Vanquished Creatures
  The ghost of hilaritas the Ruffian, an amateur TrFi (D:4)
  3 slaves (D:4)
  A phantom (D:4)
  3 big kobolds (Sewer)
  7 adders
  An ooze (Sewer)
  2 worms (D:3)
  4 dart slugs
  2 leopard geckos
  3 orcs (D:3)
  9 bats
  6 giant cockroaches
  8 hobgoblins
  2 jackals (D:1)
  2 quokkas (D:3)
  A ball python (Sewer)
  9 frilled lizards
  9 goblins
  16 kobolds
  10 rats
99 creatures vanquished.

Notes
Turn   | Place    | Note
-------+----------+-------------------------------------------
     0 | D:1      | hilaritas the Merfolk Gladiator began the quest for the Orb.
     0 | D:1      | Reached XP level 1. HP: 16/16 MP: 1/1
   108 | D:1      | Reached XP level 2. HP: 22/22 MP: 2/2
   171 | D:1      | Reached skill level 1 in Stealth
   207 | D:1      | Reached skill level 5 in Polearms
   379 | D:1      | Reached XP level 3. HP: 28/28 MP: 3/3
   797 | D:2      | Reached skill level 6 in Polearms
  1170 | D:2      | Reached XP level 4. HP: 30/34 MP: 4/4
  1525 | D:3      | Found a glowing drain.
  1664 | Sewer    | Entered a sewer
  1766 | Sewer    | Noticed a big kobold
  1782 | Sewer    | Killed a big kobold
  1782 | Sewer    | Reached skill level 7 in Polearms
  1782 | Sewer    | Reached XP level 5. HP: 21/41 MP: 5/5
  2092 | Sewer    | Noticed a big kobold
  2110 | Sewer    | Killed a big kobold
  2110 | Sewer    | Reached skill level 8 in Polearms
  2110 | Sewer    | Reached XP level 6. HP: 35/47 MP: 6/6
  2626 | D:3      | Reached skill level 9 in Polearms
  3429 | D:4      | Noticed hilaritas's ghost (amateur TrFi)
  3443 | D:4      | Killed hilaritas's ghost
  3443 | D:4      | Reached skill level 10 in Polearms
  3443 | D:4      | Reached XP level 7. HP: 32/52 MP: 7/7
  3682 | D:4      | Noticed Pikel
  3733 | D:4      | Slain by Pikel

Skill      XL: |  1  2  3  4  5  6  7 |
---------------+----------------------+-----
Stealth        | 1 2 3 4 |  4.2
Polearms       | 5 6 7 8 10 | 10.0
Fighting       | 3 4 |  4.1
Throwing       | |  2.0
Dodging        | |  4.1

Action                   |  1- 3 |  4- 6 |  7- 9 || total
-------------------------+-------+-------+-------++-------
Melee: Trident           |   105 |   249 |    80 ||   434
       Tailslap          |       |     3 |       ||     3
  Use: Scroll            |     2 |     7 |     1 ||    10
       Potion            |       |     2 |       ||     2
 Stab: Sleeping          |     5 |     7 |       ||    12
  Eat: Chunk             |       |     8 |     1 ||     9
Armor: Leather armour    |    21 |    44 |     8 ||    73
Dodge: Dodged            |    56 |   138 |    45 ||   239
